 Dungeon Crawl Stone Soup version 0.28-a0-48-gfd831c5874 (webtiles) character file.

Game seed: 13478717133607344961

433 Wyvernaa the Shield-Bearer (level 7, -2/54 HPs)
             Began as a Formicid Fighter on July 29, 2021.
             Was an Initiate of Okawaru.
             Slain by a centaur (6 damage)
             ... on level 5 of the Dungeon.
             The game lasted 00:10:13 (3948 turns).

Wyvernaa the Shield-Bearer (Formicid Fighter)       Turns: 3948, Time: 00:10:14

Health: -2/54      AC:  8    Str: 22    XL:     7   Next: 20%
Magic:  7/7        EV:  7    Int:  8    God:    Okawaru [......]
Gold:   150        SH: 16    Dex: 10    Spells: 6/6 levels left

rFire   . . .      SeeInvis +   a - +0 trident
rCold   . . .      Faith    .   i - +1 tower shield
rNeg    . . .      Spirit   .   b - +0 scale mail
rPois   .          Reflect  .   (helmet unavailable)
rElec   .          Harm     .   (no cloak)
rCorr   .          Rampage  .   (no gloves)
Will    .....                   h - +0 pair of boots
Stlth   ..........              (no amulet)
HPRegen 0.18/turn               (no ring)
MPRegen 0.10/turn               (no ring)

@: flying
A: permanent stasis, dig shafts and tunnels, antennae 3, four strong arms
a: Dig, Shaft Self, Renounce Religion


You were on level 5 of the Dungeon.
You worshipped Okawaru.
Okawaru was noncommittal.
You visited 2 branches of the dungeon, and saw 6 of its levels.

You collected 150 gold pieces.

Inventory:

Hand Weapons
 a - a +0 trident (weapon)
Armour
 b - a +0 scale mail (worn)
 h - a +0 pair of boots (worn)
 i - a +1 tower shield (worn)
Jewellery
 l - a ring of fire
Wands
 d - a wand of iceblast (6)
 k - a wand of flame (16)
Scrolls
 f - a scroll of immolation
Potions
 e - 2 potions of curing


   Skills:
 + Level 4.0 Fighting
 * Level 4.6 Polearms
 + Level 4.3 Armour
 + Level 0.9 Dodging
 + Level 0.1 Stealth
 * Level 6.0 Shields
 * Level 0.8 Invocations


You had 6 spell levels left.
You didn't know any spells.
Your spell library contained the following spells:

 Spells                   Type           Power      Damage    Failure   Level
 Ozocubu's Armour         Ice            0%         N/A       100%        3
 Ozocubu's Refrigeration  Ice            0%         4d5       100%        7


Dungeon Overview and Level Annotations

Branches:
Dungeon (5/15)             Temple (1/1) D:4

Altars:
Fedhas
Kikubaaqudgha
Makhleb
Okawaru
Qazlal
Ru
Uskayaw
Vehumet
Wu Jian

Shops:
D:2 *=*[(

Annotations:
D:4 2 runed translucent doors, Spaninq's ghost, amateur GnTm


Innate Abilities, Weirdness & Mutations

You cannot be hasted, slowed, berserked, paralysed or teleported.
You can dig through walls and to a lower floor.
You have a pair of large antennae on your head. (SInv)
Your four strong arms can wield two-handed weapons with a shield.


Message History

You puncture the centaur!
The centaur is severely wounded.
The centaur hits you with a +0 rapier. You block the centaur's attack.
The centaur hits you with a +0 rapier! The centaur closely misses you.
The centaur barely misses you. You block the centaur's attack.
You hit the centaur but do no damage.
The centaur is severely wounded.
You block the centaur's attack. The centaur closely misses you.
The centaur hits you with a +0 rapier!
* * * LOW HITPOINT WARNING * * *
The centaur completely misses you. You block the centaur's attack. x2
Okay, then.
It was a potion of cancellation.
You feel magically purged. The centaur barely misses you.
You block the centaur's attack. The centaur closely misses you.
The centaur kicks you.
* * * LOW HITPOINT WARNING * * *
It was a potion of flight.
You feel very buoyant.
You fly up into the air.
You block the centaur's attack.
The centaur kicks you but does no damage.
You block the centaur's attack. The centaur closely misses you.
The centaur hits you with a +0 rapier.
* * * LOW HITPOINT WARNING * * *
You block the centaur's attack.
It was a potion of heal wounds.
You feel much better. The centaur hits you with a +0 rapier!
The centaur kicks you but does no damage.
The centaur hits you with a +0 rapier!
* * * LOW HITPOINT WARNING * * *
You block the centaur's attack. The centaur closely misses you.
The centaur kicks you.
* * * LOW HITPOINT WARNING * * *
The centaur hits you but does no damage.
You block the centaur's attack. You block the centaur's attack.
The centaur kicks you but does no damage.
The centaur hits you with a +0 rapier!
* * * LOW HITPOINT WARNING * * *
You block the centaur's attack. The centaur hits you with a +0 rapier.
You die...

## ##.##....##### #..
##.######............#
#
#..........####<.....#
#
####.#####..>##......#
# #.....#
#.#..#......# #
#.###.# #...........#
.. #.####.###.......#
##
#...##)............{
###..@####......##.
###c.##......##
##sh#.###..##
######..........
#........###.#.
...##..##.# ....# #.#
#.### #.. .. ##..


You could see a centaur (berserk), a scorpion and a hound.

Vanquished Creatures
  An ogre (D:4)
  A bullfrog (D:3)
  A scorpion (D:5)
  A bullfrog zombie (D:5)
  2 hounds
  4 gnolls (D:3)
  4 adders
  2 worms
  A dart slug (D:4)
  3 orcs (D:3)
  2 endoplasms
  7 giant cockroaches
  4 goblins
  5 hobgoblins
  5 quokkas
  3 ball pythons
  7 bats
  3 frilled lizards
  4 kobolds
  5 rats
65 creatures vanquished.

Vanquished Creatures (others)
  9 plants
  2 withered plants (D:5)
11 creatures vanquished.

Grand Total: 76 creatures vanquished

Notes
Turn   | Place    | Note
-------+----------+-------------------------------------------
     0 | D:1      | Wyvernaa the Formicid Fighter began the quest for the Orb.
     0 | D:1      | Reached XP level 1. HP: 18/18 MP: 1/1
   213 | D:1      | Reached XP level 2. HP: 24/24 MP: 2/2
   435 | D:2      | Reached skill level 4 in Shields
   457 | D:2      | Found Uteun's Jewellery Boutique.
   497 | D:2      | Found Wep Pet's Assorted Antiques.
   533 | D:2      | Found Ehyqewa's Armour Boutique.
   566 | D:2      | Found Miofear's Assorted Antiques.
   650 | D:2      | Found Cadiukk's Antique Weapon Shop.
   690 | D:2      | Reached XP level 3. HP: 26/29 MP: 3/3
  1326 | D:3      | Reached XP level 4. HP: 23/37 MP: 4/4
  1867 | D:3      | Found a faded altar of an unknown god.
  2035 | D:3      | Reached XP level 5. HP: 42/42 MP: 5/5
  2177 | D:4      | Found an ornate altar of the Wu Jian Council.
  2309 | D:4      | Found a large runed translucent door.
  2309 | D:4      | Found a large runed translucent door.
  2312 | D:4      | Noticed an ogre
  2341 | D:4      | Found a staircase to the Ecumenical Temple.
  2408 | D:4      | Noticed a bullfrog
  2421 | D:3      | Killed a bullfrog
  2422 | D:3      | Reached skill level 5 in Shields
  2422 | D:3      | Reached XP level 6. HP: 39/48 MP: 6/6
  2623 | Temple   | Entered the Ecumenical Temple
  2718 | Temple   | Became a worshipper of Warmaster Okawaru
  2743 | D:4      | Killed an ogre
  3057 | D:4      | Noticed Spaninq's ghost (amateur GnTm)
  3425 | D:5      | Entered Level 5 of the Dungeon
  3450 | D:5      | Reached XP level 7. HP: 54/54 MP: 7/7
  3730 | D:5      | Reached skill level 6 in Shields
  3948 | D:5      | Slain by a centaur

Illustrated notes

Levels and vault maps discovered:
D:1:      amcnicky_arrival_double_pillar, layout_rooms
D:2:      layout_loops_ring, serial_shops, shop,
          nicolae_shop_overgrown_old_shop, nicolae_shop_overgrown_old_shop,
          nicolae_shop_crystal, nicolae_shop_crystal,
          ebering_dispersal_statue_hall
D:3:      layout_loops_ring, chequers_ecumenical_altar_lobes
D:4:      layout_rooms, general_overflow_altar, minmay_temple_entry_offerings,
          ebering_ghost_disaster_area
D:5:      layout_rooms, trog_hazing_becter, nicolae_tso_swordbearing_angel,
          serial_undead, serial_undead_e, serial_undead_d, serial_undead_a,
          serial_undead_e, hangedman_decor_peaks_small, chequers_garden
Temple:   dpeg_chambers_temple

Skill      XL: |  1  2  3  4  5  6  7 |
---------------+----------------------+-----
Shields        | 4 5 6 |  6.0
Armour         | 4 |  4.3
Polearms       | 3 4 |  4.6
Fighting       | 4 |  4.0
Dodging        | |  0.9
Stealth        | |  0.1
Invocations    | |  0.8

Action                   |  1- 3 |  4- 6 |  7- 9 || total
-------------------------+-------+-------+-------++-------
Melee: Trident           |   102 |   125 |    44 ||   271
 Abil: Dig               |     2 |       |       ||     2
Evoke: Wand              |       |     2 |       ||     2
  Use: Scroll            |     4 |     4 |       ||     8
       Potion            |       |     2 |     3 ||     5
Armor: Scale mail        |    26 |    23 |    25 ||    74
Dodge: Dodged            |    33 |    23 |    25 ||    81
Block: Kite shield       |    34 |       |       ||    34
       Tower shield      |    24 |    99 |    82 ||   205

Table legend: (Time is in decaauts)
 A = Elapsed time spent in this place.
 B = Non-inter-level travel time spent in this place.
 C = Inter-level travel time spent in this place.
 D = Time resting spent in this place.
 E = Time spent auto-exploring this place.
 F = Levels seen in this place.
 G = Mean time per level.
                   A        B        C        D        E       F      G
               +--------+--------+--------+--------+--------+-----+--------+
         Total |   4074 |   3992 |     82 |   1135 |   1895 |   6 |  679.0 |
       Dungeon |   3965 |   3896 |     69 |   1135 |   1810 |   5 |  793.0 |
        Temple |    108 |     95 |     13 |      0 |     85 |   1 |  108.0 |
               +--------+--------+--------+--------+--------+-----+--------+

Top non-repeatable levels by time:
     D:3: 1339 daAuts
     D:4: 1263 daAuts
     D:2: 620 daAuts
     D:1: 439 daAuts
     D:5: 302 daAuts
  Temple: 108 daAuts
